3AAA
ALASKAN HUMPBACKS @ VERMONT LAKE MONSTERS
06/16/2021
 
TOP OF THE 1ST
Alaskan Humpbacks batting - Pitching for Vermont Lake Monsters : RHP Ted Thompson
Pitching: RHP Ted Thompson
Batting: RHB Héctor Villarreal 0-0: Foul Ball, location: 2F
0-1: Ball
1-1: Swinging Strike
1-2: Ball
2-2: Foul Ball, location: 2F
2-2: Foul Ball, location: 2F
2-2: Strikes out swinging
Batting: LHB James Sorensen 0-0: Ball
1-0: Called Strike
1-1: Ball
2-1: Fly out, F6 (Popup, 6MD)
Batting: RHB Dave Farr 0-0: Reaches on Catchers interference
Batting: LHB Guomez Nabeiro 0-0: Ground out 4-3 (Groundball, 4)
Top of the 1st over - 0 run(s), 0 hit(s), 1 error(s), 1 left on base; Alaskan 0 - Vermont 0
BOTTOM OF THE 1ST
Vermont Lake Monsters batting - Pitching for Alaskan Humpbacks : RHP Jim Unknown
Pitching: RHP Jim Unknown
Batting: RHB Fernando Castro 0-0: Called Strike
0-1: Ground out 6-3 (Groundball, 6)
Batting: SHB Carlos Rodríguez 0-0: Called Strike
0-1: Fly out, F7 (Flyball, 78S)
Batting: RHB Ramiro Rico 0-0: Called Strike
0-1: Ball
1-1: Swinging Strike
1-2: Ball
2-2: Strikes out swinging
Bottom of the 1st over - 0 run(s), 0 hit(s), 0 error(s), 0 left on base; Alaskan 0 - Vermont 0
TOP OF THE 2ND
Alaskan Humpbacks batting - Pitching for Vermont Lake Monsters : RHP Ted Thompson
Batting: RHB Fernando Camacho 0-0: Hit by Pitch
Batting: LHB Paco Hernández 0-0: Ball
1-0: Called Strike
1-1: SINGLE (Groundball, 34S)
Fernando Camacho to second
Batting: RHB Orlando Jiménez 0-0: Ball
1-0: Ball
2-0: Ball
3-0: Called Strike
3-1: Swinging Strike
3-2: Base on Balls
Fernando Camacho to third
Paco Hernández to second
Batting: SHB Josef Koper 0-0: Called Strike
0-1: Called Strike
0-2: Strikes out looking
Batting: RHB Andrew Rowland 0-0: Ball
1-0: Called Strike
1-1: Ball
2-1: Grounds into double play, 6-4-3 (Groundball, 6)
Top of the 2nd over - 0 run(s), 1 hit(s), 0 error(s), 2 left on base; Alaskan 0 - Vermont 0
BOTTOM OF THE 2ND
Vermont Lake Monsters batting - Pitching for Alaskan Humpbacks : RHP Jim Unknown
Batting: LHB Michael Smith 0-0: Ball
1-0: DOUBLE (Line Drive, 9LD)
Batting: RHB Adrian Smith 0-0: Ball
1-0: Swinging Strike
1-1: Ball
2-1: Foul Ball, location: 2F
2-2: Strikes out swinging
Batting: RHB Jason Ruffin 0-0: Ball
1-0: Swinging Strike
1-1: Fly out, F4 (Popup, 89S)
Batting: LHB Dave Burns 0-0: Ball
1-0: Ball
2-0: Foul Ball, location: 2F
2-1: Swinging Strike
2-2: Foul Ball, location: 2F
2-2: Strikes out swinging
Bottom of the 2nd over - 0 run(s), 1 hit(s), 0 error(s), 1 left on base; Alaskan 0 - Vermont 0
TOP OF THE 3RD
Alaskan Humpbacks batting - Pitching for Vermont Lake Monsters : RHP Ted Thompson
Batting: RHB Héctor Villarreal 0-0: Foul Ball, location: 2F
0-1: Ground out 5-3 (Groundball, 5)
Batting: LHB James Sorensen 0-0: Ball
1-0: Called Strike
1-1: Ball
2-1: Called Strike
2-2: Ball
3-2: Foul Ball, location: 2F
3-2: Foul Ball, location: 2F
3-2: Fly out, F9 (Flyball, 9S)
Batting: RHB Dave Farr 0-0: Ball
1-0: Fly out, F9 (Line Drive, 9M)
Top of the 3rd over - 0 run(s), 0 hit(s), 0 error(s), 0 left on base; Alaskan 0 - Vermont 0
BOTTOM OF THE 3RD
Vermont Lake Monsters batting - Pitching for Alaskan Humpbacks : RHP Jim Unknown
Batting: SHB Arturo Robles 0-0: Ball
1-0: Ball
2-0: Called Strike
2-1: Foul Ball, location: 2F
2-2: Ball
3-2: Base on Balls
Batting: RHB Carlos Padilla 0-0: Ball
1-0: Ground out 6-3 (Groundball, 6)
Arturo Robles to second
Batting: RHB Fernando Castro 0-0: Called Strike
0-1: Ball
Arturo Robles steals 3rd base
1-1: DOUBLE (Line Drive, 7LM)
Arturo Robles scores
Batting: SHB Carlos Rodríguez 0-0: Ball
1-0: Ground out 3-1 (Groundball, 34)
Fernando Castro to third
Batting: RHB Ramiro Rico 0-0: Called Strike
0-1: Ball
1-1: Foul Ball, location: 2F
1-2: SINGLE (Flyball, 8LS)
Fernando Castro scores
Batting: LHB Michael Smith 0-0: Ball
1-0: SINGLE (Line Drive, 4MD)
Ramiro Rico to second
Batting: RHB Adrian Smith 0-0: Called Strike
0-1: Called Strike
0-2: 3-RUN HOME RUN (Flyball, 7D), Distance : 397 ft
Batting: RHB Jason Ruffin 0-0: Fly out, F5 (Popup, 25F)
Bottom of the 3rd over - 5 run(s), 4 hit(s), 0 error(s), 0 left on base; Alaskan 0 - Vermont 5
TOP OF THE 4TH
Alaskan Humpbacks batting - Pitching for Vermont Lake Monsters : RHP Ted Thompson
Batting: LHB Guomez Nabeiro 0-0: Called Strike
0-1: DOUBLE (Line Drive, 89M)
Batting: RHB Fernando Camacho 0-0: Called Strike
0-1: Ball
1-1: Called Strike
1-2: Strikes out looking
Batting: LHB Paco Hernández 0-0: Ball
1-0: Swinging Strike
1-1: Ground out 1-3 (Groundball, 15)
Batting: RHB Orlando Jiménez 0-0: Ball
1-0: Fly out, F8 (Flyball, 8LM)
Top of the 4th over - 0 run(s), 1 hit(s), 0 error(s), 1 left on base; Alaskan 0 - Vermont 5
BOTTOM OF THE 4TH
Vermont Lake Monsters batting - Pitching for Alaskan Humpbacks : RHP Jim Unknown
Batting: LHB Dave Burns 0-0: Ball
1-0: Called Strike
1-1: Foul Ball, location: 2F
1-2: Ball
2-2: Foul Ball, location: 2F
2-2: Foul Ball, location: 2F
2-2: Foul Ball, location: 2F
2-2: Ball
3-2: Foul Ball, location: 2F
3-2: Foul Ball, location: 2F
3-2: Ground out 1-3 (Groundball, 15)
Batting: SHB Arturo Robles 0-0: Ball
1-0: SINGLE (Groundball, 15S) (infield hit)
Batting: RHB Carlos Padilla 0-0: Ball
1-0: Fly out, F9 (Popup, 9S)
Batting: RHB Fernando Castro 0-0: Ball
1-0: Called Strike
1-1: SINGLE (Groundball, 56D)
Arturo Robles to second
Batting: SHB Carlos Rodríguez 0-0: Ball
Reached via error on a dropped throw, E3
Arturo Robles to third
Fernando Castro to second
Batting: RHB Ramiro Rico 0-0: Ball
1-0: Foul Ball, location: 2F
1-1: Foul Ball, location: 2F
1-2: Ball
2-2: Ball
3-2: Base on Balls
Arturo Robles scores
Fernando Castro to third
Carlos Rodríguez to second
Batting: LHB Michael Smith 0-0: Foul Ball, location: 2F
0-1: Foul Ball, location: 2F
0-2: Ball
1-2: Ball
2-2: Ball
3-2: Foul Ball, location: 2F
3-2: Base on Balls
Fernando Castro scores
Carlos Rodríguez to third
Ramiro Rico to second
Pitching: LHP Jason Hoskins
Batting: RHB Adrian Smith 0-0: Ball
1-0: Called Strike
1-1: SINGLE (Line Drive, 4MD)
Carlos Rodríguez scores
Ramiro Rico to third
Michael Smith to second
Batting: RHB Jason Ruffin 0-0: Ball
Wild Pitch!
Ramiro Rico scores
Michael Smith to third
Adrian Smith to second
1-0: Ball
2-0: Ball
3-0: Base on Balls
Batting: LHB Dave Burns 0-0: Ball
1-0: Swinging Strike
1-1: Foul Ball, location: 2F
1-2: Foul Ball, location: 2F
1-2: Ball
2-2: Ball
3-2: GRAND SLAM HOME RUN (Flyball, 9LD), Distance : 346 ft
Batting: SHB Arturo Robles 0-0: SINGLE (Groundball, 34)
Batting: RHB Carlos Padilla 0-0: Fly out, F3 (Popup, 9LSF)
Bottom of the 4th over - 8 run(s), 5 hit(s), 1 error(s), 1 left on base; Alaskan 0 - Vermont 13
TOP OF THE 5TH
Alaskan Humpbacks batting - Pitching for Vermont Lake Monsters : RHP Ted Thompson
Batting: SHB Josef Koper 0-0: Ball
1-0: Ball
2-0: Foul Ball, location: 2F
2-1: Ball
3-1: Foul Ball, location: 2F
3-2: Base on Balls
Batting: RHB Andrew Rowland 0-0: Foul Ball, location: 2F
0-1: Called Strike
0-2: Strikes out swinging
Batting: RHB Héctor Villarreal 0-0: Ball
1-0: Foul Ball, location: 2F
1-1: Swinging Strike
1-2: Foul Ball, location: 2F
1-2: Foul Ball, location: 2F
1-2: Ball
Passed Ball!
Josef Koper to second
2-2: Strikes out swinging
Batting: LHB James Sorensen 0-0: Fly out, F6 (Popup, 6M)
Top of the 5th over - 0 run(s), 0 hit(s), 0 error(s), 1 left on base; Alaskan 0 - Vermont 13
BOTTOM OF THE 5TH
Vermont Lake Monsters batting - Pitching for Alaskan Humpbacks : LHP Jason Hoskins
Batting: RHB Fernando Castro 0-0: Ball
1-0: Foul Ball, location: 2F
1-1: Ball
2-1: Foul Ball, location: 2F
2-2: Ball
3-2: Base on Balls
Batting: SHB Carlos Rodríguez 0-0: Called Strike
Fernando Castro steals 2nd base
0-1: Ball
1-1: Ball
2-1: Fly out, F7 (Line Drive, 78M)
Batting: RHB Ramiro Rico 0-0: Called Strike
0-1: Called Strike
0-2: Foul Ball, location: 2F
0-2: Foul Ball, location: 2F
0-2: Ball
1-2: Foul Ball, location: 2F
1-2: Ground out 1-3 (Groundball, 13)
Fernando Castro to third
Batting: LHB Michael Smith 0-0: Ball
1-0: Called Strike
1-1: Ball
2-1: Called Strike
2-2: Strikes out swinging
Bottom of the 5th over - 0 run(s), 0 hit(s), 0 error(s), 1 left on base; Alaskan 0 - Vermont 13
TOP OF THE 6TH
Alaskan Humpbacks batting - Pitching for Vermont Lake Monsters : RHP Ted Thompson
Batting: RHB Dave Farr 0-0: Foul Ball, location: 2F
0-1: Ball
1-1: Swinging Strike
1-2: Ground out 6-3 (Groundball, 6M)
Batting: LHB Guomez Nabeiro 0-0: Fly out, F2 (Popup, 2R)
Batting: RHB Fernando Camacho 0-0: Ball
1-0: Ball
2-0: Fly out, F4 (Line Drive, 4)
Top of the 6th over - 0 run(s), 0 hit(s), 0 error(s), 0 left on base; Alaskan 0 - Vermont 13
BOTTOM OF THE 6TH
Vermont Lake Monsters batting - Pitching for Alaskan Humpbacks : LHP Jason Hoskins
Pitching: RHP Miguel González
Batting: RHB Adrian Smith 0-0: SOLO HOME RUN (Flyball, 78XD), Distance : 425 ft
Batting: RHB Jason Ruffin 0-0: Swinging Strike
0-1: Ball
1-1: DOUBLE (Line Drive, 7LD)
Batting: LHB Dave Burns 0-0: DOUBLE (Groundball, 3L)
Jason Ruffin scores
Batting: SHB Arturo Robles 0-0: Called Strike
0-1: Swinging Strike
0-2: Ground out 4-3 (Groundball, 34)
Dave Burns to third
Batting: RHB Carlos Padilla 0-0: Swinging Strike
0-1: Ball
1-1: Ball
2-1: Ball
3-1: Foul Ball, location: 2F
3-2: Strikes out swinging
Batting: RHB Fernando Castro 0-0: Ball
1-0: Ground out 6-3 (Groundball, 6)
Bottom of the 6th over - 2 run(s), 3 hit(s), 0 error(s), 1 left on base; Alaskan 0 - Vermont 15
TOP OF THE 7TH
Alaskan Humpbacks batting - Pitching for Vermont Lake Monsters : RHP Ted Thompson
Batting: LHB Paco Hernández 0-0: Ball
1-0: SINGLE (Line Drive, 4MD)
Batting: RHB Orlando Jiménez 0-0: Ball
1-0: Foul Ball, location: 2F
1-1: Called Strike
1-2: Ball
2-2: Fly out, F9 (Flyball, 9M)
Batting: SHB Josef Koper 0-0: Ball
1-0: Ball
2-0: SINGLE (Line Drive, 56D)
Paco Hernández to second
Batting: RHB Andrew Rowland 0-0: Called Strike
0-1: Ball
1-1: Foul Ball, location: 2F
1-2: Ball
2-2: Reached on error, E6 (Groundball, 6)
Paco Hernández to third
Josef Koper to second
Batting: RHB Héctor Villarreal 0-0: Ball
1-0: Swinging Strike
1-1: Ball
2-1: Swinging Strike
2-2: Fly out, F7 (Flyball, 7LD)
Runner from 3rd tags up, SCORES, no throw
Batting: LHB James Sorensen 0-0: Ball
1-0: Foul Ball, location: 2F
1-1: Foul Ball, location: 2F
1-2: Ball
2-2: Ball
3-2: SINGLE (Groundball, 4MD)
Josef Koper to third
Andrew Rowland to second
Josef Koper scores
Andrew Rowland to third
Batting: RHB Dave Farr 0-0: Foul Ball, location: 2F
0-1: Fielders Choice at 2nd, 6-4 (Groundball, 56)
Top of the 7th over - 2 run(s), 3 hit(s), 1 error(s), 1 left on base; Alaskan 2 - Vermont 15
BOTTOM OF THE 7TH
Vermont Lake Monsters batting - Pitching for Alaskan Humpbacks : RHP Miguel González
Batting: SHB Carlos Rodríguez 0-0: Ball
1-0: Foul Ball, location: 2F
1-1: Ball
2-1: Called Strike
2-2: Ball
3-2: Strikes out looking
Batting: RHB Ramiro Rico 0-0: Swinging Strike
0-1: Ball
1-1: Ball
2-1: Ball
3-1: Base on Balls
Batting: LHB Michael Smith 0-0: Called Strike
0-1: Ball
1-1: Foul Ball, location: 2F
1-2: Ball
2-2: Ball
3-2: Strikes out looking
Batting: RHB Adrian Smith 0-0: Ball
1-0: Foul Ball, location: 2F
1-1: Swinging Strike
1-2: Foul Ball, location: 2F
1-2: Ball
2-2: Ground out 5-3 (Groundball, 5)
Bottom of the 7th over - 0 run(s), 0 hit(s), 0 error(s), 1 left on base; Alaskan 2 - Vermont 15
TOP OF THE 8TH
Alaskan Humpbacks batting - Pitching for Vermont Lake Monsters : RHP Ted Thompson
Now at 1B: Wilbur Harris
Now in RF: John Howell
Batting: LHB Guomez Nabeiro 0-0: Fly out, F9 (Flyball, 89M)
Batting: RHB Fernando Camacho 0-0: Called Strike
0-1: Ball
1-1: Called Strike
1-2: Ball
2-2: Strikes out swinging
Batting: LHB Paco Hernández 0-0: Ball
1-0: Ball
2-0: Swinging Strike
2-1: Ball
3-1: Base on Balls
Pitching: RHP Reynaldo Díaz
Batting: RHB Orlando Jiménez 0-0: Called Strike
0-1: Swinging Strike
0-2: Ball
1-2: Foul Ball, location: 2F
1-2: Fly out, F8 (Flyball, 89M)
Top of the 8th over - 0 run(s), 0 hit(s), 0 error(s), 1 left on base; Alaskan 2 - Vermont 15
BOTTOM OF THE 8TH
Vermont Lake Monsters batting - Pitching for Alaskan Humpbacks : RHP Miguel González
Pitching: RHP Pedro Pagán
Batting: RHB Jason Ruffin 0-0: Ball
1-0: Ground out 4-3 (Groundball, 4)
Batting: LHB Dave Burns 0-0: Ball
1-0: Ball
2-0: Called Strike
2-1: Called Strike
2-2: Ball
3-2: Base on Balls
Batting: SHB Arturo Robles 0-0: Called Strike
0-1: Swinging Strike
0-2: Grounds into double play, 6-4-3 (Groundball, 6)
Bottom of the 8th over - 0 run(s), 0 hit(s), 0 error(s), 0 left on base; Alaskan 2 - Vermont 15
TOP OF THE 9TH
Alaskan Humpbacks batting - Pitching for Vermont Lake Monsters : RHP Reynaldo Díaz
Batting: SHB Josef Koper 0-0: Ball
1-0: Ball
2-0: SINGLE (Line Drive, 34D)
Batting: RHB Andrew Rowland 0-0: Ball
1-0: Ball
2-0: Called Strike
2-1: Called Strike
2-2: Fly out, F4 (Popup, 4)
Batting: RHB Héctor Villarreal 0-0: Ball
1-0: Called Strike
1-1: Foul Ball, location: 2F
1-2: Foul Ball, location: 2F
1-2: Fly out, F9 (Flyball, 89M)
Batting: LHB James Sorensen 0-0: Ball
1-0: Foul Ball, location: 2F
1-1: Ball
2-1: Called Strike
2-2: Foul Ball, location: 2F
2-2: Strikes out swinging
Top of the 9th over - 0 run(s), 1 hit(s), 0 error(s), 1 left on base; Alaskan 2 - Vermont 15
This league is powered by Out of the Park Baseball, the baseball management simulation game for PC, Mac and Linux
Friday, January 22nd, 2016 - OOTP Baseball 16.9 Build 39